 Dungeon Crawl Stone Soup version 0.17-a0-1719-g1afd5a1 (webtiles) character file.

199526 kae the Minotaur Blade (level 17, -1/154 HPs)
             Began as a Minotaur Fighter on Aug 27, 2015.
             Was the Champion of Qazlal.
             Slain by a sea snake (13 damage)
             ... on level 1 of the Shoals.
             The game lasted 01:38:33 (43470 turns).

kae the Minotaur Blade (Minotaur Fighter)          Turns: 43470, Time: 01:38:34

Health: -1/154     AC: 28    Str: 27    XL:     17   Next: 84%
Magic:  18/27      EV: 12    Int:  7    God:    Qazlal [******]
Gold:   3590       SH:  8    Dex:  9    Spells: 0 memorised, 16 levels left

rFire  + . .     SeeInvis .     Q - +3 great sword (flame)
rCold  . . .     Clarity  .     f - +4 plate armour {rF+}
rNeg   + . .     SustAt   +     (no shield)
rPois  +         Gourm    .     (helmet restricted)
rElec  +         Spirit   .     A - +0 cloak
rCorr  .         Warding  +     (no gloves)
rMut   .         Rnd*Tele +     y - +2 pair of boots
MR     +....                    C - amulet of warding
Stlth  ..........               i - ring of sustain attributes
                                N - ring of poison resistance

@: protected from physical damage, slowed, repel missiles, very slow, somewhat
resistant to hostile enchantments, extremely unstealthy
A: retaliatory headbutt, horns 2, electricity resistance, teleportitis 1
a: Upheaval, Elemental Force, Disaster Area, Renounce Religion
}: 1/15 runes: gossamer


You were on level 1 of the Shoals.
You worshipped Qazlal.
Qazlal was exalted by your worship.
You were full.

You visited 6 branches of the dungeon, and saw 33 of its levels.
You also visited: Labyrinth, Ossuary and Ice Cave.

You collected 3640 gold pieces.
You spent 50 gold pieces at shops.

Inventory:

Hand weapons
 Q - a +3 great sword of flaming (weapon)
Missiles
 T - 3 throwing nets (quivered)
Armour
 f - a +4 plate armour of fire resistance (worn)
 y - a +2 pair of boots (worn)
 A - a +0 cloak (worn)
Jewellery
 i - a ring of sustain attributes (right hand)
 p - a cursed ring of protection from cold
 u - an uncursed ring of protection from magic
 C - an amulet of warding (around neck)
 F - an uncursed ring of protection from cold
 N - a ring of poison resistance (left hand)
 U - an uncursed amulet of the gourmand
 Y - an uncursed ring of see invisible
Magical devices
 c - a wand of paralysis (1)
 w - a wand of disintegration (21)
 O - a wand of digging (18)
Scrolls
 b - a scroll of amnesia
 j - a scroll of holy word
 k - 5 scrolls of fog
 l - 12 scrolls of identify
 n - 5 scrolls of magic mapping
 r - 3 scrolls of enchant armour
 x - 4 scrolls of teleportation
 D - a scroll of silence
 V - 7 scrolls of remove curse
Potions
 d - 2 potions of resistance
 h - 3 potions of haste
 m - 8 potions of curing
 o - 2 potions of flight
 q - 8 potions of ambrosia
 s - a potion of brilliance
 E - a potion of agility
 G - 2 potions of cancellation
 K - a potion of heal wounds
 P - a potion of cure mutation
 X - a potion of berserk rage
Comestibles
 a - 3 chunks of flesh
 z - 12 bread rations


   Skills:
 + Level 14.8 Fighting
 - Level 22.0 Long Blades
 - Level 13.4 Armour
 - Level 14.2 Dodging
   Level 3.6 Shields
 - Level 15.0 Invocations


You had 16 spell levels left.
You didn't know any spells.

Dungeon Overview and Level Annotations

Branches:
Dungeon (15/15)            Temple (1/1) D:7            Lair (8/8) D:11
 Shoals (1/4) Lair:3       Spider (4/4) Lair:3        Slime (0/6) Lair:7
    Orc (4/4) D:9             Elf (0/3) Orc:4        Vaults (0/5) D:13
 Depths (0/5) D:15

Altars:
Ashenzari
Cheibriados
Dithmenos
Fedhas
Gozag
Kikubaaqudgha
Makhleb
Nemelex Xobeh
Okawaru
Qazlal
Ru
Trog
Vehumet
Xom
Yredelemnul
Zin
Beogh

Shops:
D:8 !   D:10 %   Orc:4 *%(}

Portals:
Pandemonium: Orc:4


Innate Abilities, Weirdness & Mutations

You reflexively headbutt those who attack you in melee.
You have a pair of horns on your head.
You are resistant to electric shocks.
You are occasionally teleported to nearby monsters.


Message History

You are lethally poisoned!
The sea snake poisons you!
You closely miss the sea snake.
The sea snake is almost dead.
* * * LOW HITPOINT WARNING * * *
You feel very sick. The sea snake bites you!
* * * LOW HITPOINT WARNING * * *
Unknown command.
You closely miss the sea snake.
The sea snake is almost dead.
* * * LOW HITPOINT WARNING * * *
You feel very sick. You block the sea snake's attack.
Unknown command.
Drink which item? (? for menu, Esc to quit)
You feel better.
The sea snake bites you but does no damage.
The sea snake bites you!
You die...

......(.##..≈..≈..
...≈..........P≈PP
.............≈P≈≈≈≈≈≈
...!≈≈≈≈≈....≈≈≈≈≈P..
....≈≈≈≈≈≈....≈≈≈≈≈..≈
...≈≈≈≈≈≈≈..§≈≈≈≈≈P....
...≈≈≈≈††..# #...≈≈.#..
...≈≈≈≈≈(.§###...≈≈...≈
≈..≈≈≈≈≈≈)S@#†..≈≈≈..≈≈
≈≈≈≈≈≈≈≈≈§≈)(§.≈≈≈≈≈≈≈≈
≈≈≈≈≈≈≈≈≈§§§.§†≈≈≈≈≈≈≈P
≈≈≈≈≈≈≈≈≈≈≈(≈≈≈≈≈≈≈≈≈≈≈
≈≈≈≈≈≈≈≈≈≈≈(≈≈≈≈≈≈≈≈≈≈≈
≈≈≈≈≈≈≈≈≈≈≈≈≈≈≈≈≈≈≈≈≈≈≈
≈≈≈≈≈≈≈≈≈≈≈≈≈≈≈≈≈≈≈≈≈≈≈
≈≈≈≈≈≈≈≈≈≈≈≈≈≈≈≈≈≈≈≈≈≈≈
≈≈≈≈≈≈≈≈≈≈≈≈≈≈≈≈≈≈≈≈


You could see a sea snake.

Vanquished Creatures
  Arachne (Spider:2)
  Asterion (Spider:1)
  Kirke (Lair:7)
  Roxanne (Spider:1)
  2 fire giants
  Donald (Orc:3)
  Maud (D:10)
  7 emperor scorpions
  Louise (Spider:3)
  2 ghost moths
  2 dire elephants
  An ettin (Orc:4)
  A minotaur (Lab)
  8 hydras
  3 entropy weavers
  2 catoblepae
  A merfolk avatar (Shoals:1)
  Erica (D:10)
  Erolcha (Orc:3)
  A deep troll shaman (Lair:8)
  A centaur warrior (D:13)
  A tengu warrior (D:15)
  6 orc high priests (Orc:4)
  Urug (Lair:3)
  6 death yaks (Lair:8)
  3 unseen horrors
  A sea snake (Shoals:1)
  A gelid demonspawn (Orc:4)
  2 ice devils
  A deep troll (shapeshifter) (D:15)
  A flayed ghost (D:10)
  2 putrid demonspawn (Orc:4)
  2 ice statues (IceCv)
  Pikel (D:7)
  A lindwurm (Lair:7)
  A necromancer (IceCv)
  4 hill giants
  32 wolf spiders
  5 orc knights
  A torturous demonspawn (Orc:4)
  19 orb spiders
  2 harpies (Shoals:1)
  5 orc sorcerers (Orc:4)
  10 ugly things
  6 fauns (Shoals:1)
  8 griffons
  3 elephants (Lair:8)
  7 hornets
  A moth of wrath (Spider:4)
  5 black mambas
  4 cyclopes
  Joseph (D:8)
  3 sirens
  4 manticores
  3 torpor snails
  A gargoyle (D:13)
  17 spiny frogs
  An orange demon (Orc:4)
  The ghost of Baka the Covered, an experienced DsCK of Xom (Ossuary)
  13 komodo dragons
  A kobold demonologist (D:12)
  15 demonic crawlers
  A smoke demon (Orc:4)
  2 efreet (D:15)
  5 merfolk
  2 queen bees
  28 jumping spiders
  6 slime creatures (D:15)
  6 fire drakes
  6 trolls
  A polar bear (Lair:2)
  4 blue devils (IceCv)
  A red devil (Orc:4)
  A minotaur skeleton (Lab)
  2 two-headed ogres (D:12)
  3 boulder beetles
  19 blink frogs
  25 trapdoor spiders
  54 redbacks
  3 snapping turtles (Shoals:1)
  4 hogs
  A water elemental (Shoals:1)
  3 shadows
  31 tarantellas
  A neqoxec (Orc:4)
  4 wyverns
  A steam dragon (D:9)
  Grum (D:10)
  20 hippogriffs
  12 basilisks
  6 hungry ghosts
  2 spriggans (Lair:2)
  6 vampire mosquitoes
  35 yaks
  A soldier ant (D:12)
  Edmund (D:6)
  3 wargs
  23 wolves
  4 slaves (D:7)
  19 water moccasins
  10 porcupines
  Duvessa (D:7)
  A water moccasin (shapeshifter) (D:13)
  9 ice beasts
  33 spiders
  A phantom (D:9)
  3 sky beasts
  4 black bears
  The ghost of kosy22 the Slasher, an average HOCK of Xom (D:4)
  3 necrophages
  40 orc warriors
  17 crocodiles
  6 wasps
  19 centaurs
  10 ogres
  An eye of draining (D:12)
  26 giant frogs
  2 brain worms
  A gnoll sergeant (D:8)
  A wyvern zombie (D:14)
  Dowan (D:7)
  A wyvern skeleton (D:13)
  A water moccasin zombie (D:6)
  8 scorpions
  8 electric eels
  56 killer bees
  3 draconian simulacra (IceCv)
  8 crimson imps
  5 wights (D:13)
  8 jellies
  4 centaur zombies
  5 centaur skeletons
  4 giant frog zombies
  28 orc wizards
  9 hounds
  Crazy Yiuf (D:6)
  2 human zombies (Ossuary)
  Ijyb (D:2)
  34 orc priests
  4 giant frog skeletons
  8 iguanas
  11 worker ants
  6 sheep (Lair:1)
  3 troll simulacra (IceCv)
  A spriggan simulacrum (IceCv)
  A big kobold zombie (Ossuary)
  2 hound zombies
  3 mummies (Ossuary)
  6 gnolls (D:8)
  7 adders
  6 scorpion zombies (Ossuary)
  3 naga simulacra (IceCv)
  42 river rats
  2 shadow imps
  An ooze (D:6)
  2 adder skeletons
  6 worms
  9 giant geckos
  182 orcs
  14 bats
  2 gnoll zombies (Ossuary)
  5 goblins
  5 hobgoblins
  11 jackals
  4 kobolds (D:1)
  5 quokkas
  A ball python (D:4)
  4 giant cockroaches
  2 giant newts
  2 goblin zombies (Ossuary)
  A jackal skeleton (D:7)
  3 kobold zombies (Ossuary)
  5 orc zombies (Ossuary)
  A quokka skeleton (D:6)
  7 rats
  A bush (Lair:8)
  A butterfly (Lair:2)
  76 fungi
  46 plants
1466 creatures vanquished.

Vanquished Creatures (others)
  3 orb spiders
  A jumping spider (Spider:2)
  2 yaks (Lair:7)
  A crocodile (D:14)
  2 orc wizards
  2 orcs (Orc:3)
  A gnoll zombie (Ossuary)
  12 fungi
  9 plants
  10 toadstools (Lair:4)
43 creatures vanquished.

Grand Total: 1509 creatures vanquished

Notes
Turn   | Place    | Note
--------------------------------------------------------------
     0 | D:1      | kae the Minotaur Fighter began the quest for the Orb.
     0 | D:1      | Reached XP level 1. HP: 19/19 MP: 0/0
   176 | D:1      | Reached XP level 2. HP: 26/26 MP: 1/1
   644 | D:1      | Reached skill level 4 in Long Blades
   784 | D:2      | Noticed Ijyb
   799 | D:2      | Killed Ijyb
   799 | D:2      | Reached XP level 3. HP: 28/31 MP: 2/2
   824 | D:2      | Reached skill level 5 in Long Blades
   850 | D:2      | Reached XP level 4. HP: 33/39 MP: 3/3
  1678 | D:3      | Reached skill level 6 in Long Blades
  1848 | D:3      | You fall through a shaft!
  1848 | D:4      | Found a bloodstained altar of Trog.
  1889 | D:4      | Reached XP level 5. HP: 45/45 MP: 4/4
  2003 | D:4      | Found a radiant altar of Vehumet.
  2018 | D:4      | Reached skill level 7 in Long Blades
  2300 | D:4      | Found a sand-covered staircase.
  2308 | Ossuary  | Entered an ossuary
  2308 | Ossuary  | Noticed Baka's ghost (experienced DsCK)
  2315 | Ossuary  | Killed Baka's ghost
  2315 | Ossuary  | Reached skill level 9 in Long Blades
  2315 | Ossuary  | Reached XP level 6. HP: 20/51 MP: 5/5
  2315 | Ossuary  | Reached XP level 7. HP: 22/57 MP: 6/6
  2749 | Ossuary  | Reached skill level 10 in Long Blades
  3153 | Ossuary  | Reached skill level 11 in Long Blades
  3159 | Ossuary  | Reached XP level 8. HP: 11/64 MP: 7/7
  3715 | D:4      | Noticed an ogre
  3724 | D:4      | Killed an ogre
  3761 | D:4      | Noticed kosy22's ghost (average HOCK)
  3778 | D:4      | Killed kosy22's ghost
  4181 | D:5      | Entered Level 5 of the Dungeon
  4245 | D:5      | Found a glowing silver altar of Zin.
  4340 | D:5      | Reached skill level 12 in Long Blades
  4705 | D:5      | Found an opulent altar of Gozag.
  5155 | D:6      | Reached skill level 13 in Long Blades
  5332 | D:6      | Noticed Crazy Yiuf
  5338 | D:6      | Killed Crazy Yiuf
  5656 | D:6      | Noticed Edmund
  5667 | D:6      | Killed Edmund
  5667 | D:6      | Reached XP level 9. HP: 45/70 MP: 8/8
  6124 | D:6      | Reached skill level 14 in Long Blades
  6469 | D:7      | Noticed Pikel
  6490 | D:7      | Killed Pikel
  6490 | D:7      | Reached skill level 5 in Fighting
  6490 | D:7      | Reached skill level 5 in Armour
  6664 | D:7      | Found a staircase to the Ecumenical Temple.
  6713 | Temple   | Entered the Ecumenical Temple
  6789 | Temple   | Became a worshipper of Qazlal Stormbringer
  6941 | D:7      | Noticed Dowan
  6944 | D:7      | Noticed Duvessa
  6959 | D:7      | Killed Duvessa
  6961 | D:7      | Killed Dowan
  7690 | D:8      | Reached XP level 10. HP: 81/86 MP: 9/9
  7784 | D:8      | Acquired Qazlal's first power
  7818 | D:8      | Found Xiyttip's Distillery.
  7824 | D:8      | Bought a potion of berserk rage for 50 gold pieces
  7897 | D:8      | Noticed Joseph
  7919 | D:8      | Killed Joseph
  8497 | D:9      | Found a roughly hewn altar of Beogh.
  8502 | D:9      | Found a staircase to the Orcish Mines.
  8519 | D:9      | Acquired Qazlal's second power
  9118 | D:9      | Reached skill level 10 in Fighting
  9278 | D:9      | Reached skill level 10 in Armour
  9584 | D:9      | Acquired Qazlal's third power
  9807 | D:10     | Entered Level 10 of the Dungeon
  9847 | D:10     | Found Qiunonuh's Food Shoppe.
  9966 | D:10     | Noticed Maud
  9978 | D:10     | Killed Maud
  9978 | D:10     | Reached XP level 11. HP: 102/102 MP: 10/10
 10164 | D:10     | Noticed Erica
 10164 | D:10     | Noticed a hill giant
 10172 | D:10     | Killed a hill giant
 10181 | D:10     | Killed Erica
 10319 | D:10     | Found a runed door.
 10319 | D:10     | Noticed a hill giant
 10325 | D:10     | Killed a hill giant
 10441 | D:10     | Noticed Grum
 10450 | D:10     | Killed Grum
 10586 | D:10     | Noticed a flayed ghost
 10591 | D:10     | Killed a flayed ghost
 10610 | D:10     | Noticed a fire giant
 10610 | D:10     | Noticed a hornet
 10623 | D:10     | Killed a fire giant
 10624 | D:10     | Killed a hornet
 11602 | D:11     | Found a staircase to the Lair.
 11768 | Lair:1   | Entered Level 1 of the Lair of Beasts
 11835 | Lair:1   | Reached XP level 12. HP: 105/112 MP: 11/11
 12014 | Lair:1   | Reached skill level 15 in Long Blades
 12044 | Lair:1   | Acquired Qazlal's fourth power
 12913 | Lair:2   | Reached skill level 16 in Long Blades
 13365 | Lair:2   | Noticed a seven-headed hydra
 13375 | Lair:2   | Killed a three-headed hydra
 13697 | Lair:2   | Reached skill level 5 in Invocations
 13952 | Lair:2   | Acquired Qazlal's fifth power
 14168 | Lair:3   | Noticed a four-headed hydra
 14179 | Lair:3   | Killed a three-headed hydra
 14201 | Lair:3   | Noticed Urug
 14710 | Lair:3   | Killed Urug
 14883 | Lair:3   | Found a staircase to the Shoals.
 14958 | Lair:3   | Reached XP level 13. HP: 62/118 MP: 18/18
 15315 | Lair:3   | Found a hole to the Spider Nest.
 16456 | Lair:4   | Reached skill level 10 in Invocations
 17852 | Lair:4   | Noticed a dire elephant
 17886 | Lair:4   | Killed a dire elephant
 19512 | Lair:6   | Found a labyrinth entrance.
 19529 | Lab      | Entered a labyrinth
 20092 | Lair:6   | Reached XP level 14. HP: 101/126 MP: 23/23
 20778 | Lair:7   | Noticed Kirke
 20846 | Lair:7   | Killed Kirke
 21755 | Lair:7   | Found a staircase to the Slime Pits.
 21863 | Lair:8   | Entered Level 8 of the Lair of Beasts
 21901 | Lair:8   | Reached skill level 15 in Invocations
 21917 | Lair:8   | Reached skill level 1 in Dodging
 22720 | Lair:8   | Reached skill level 5 in Dodging
 23810 | Orc:1    | Entered Level 1 of the Orcish Mines
 23853 | Orc:1    | Found a frozen archway.
 23874 | IceCv    | Entered an ice cave
 24559 | Orc:1    | Gained mutation: You are resistant to electric shocks. [potion of beneficial mutation]
 24696 | Orc:1    | Found a shimmering altar of Xom.
 24726 | Orc:1    | Found a roughly hewn altar of Beogh.
 25422 | Orc:3    | Noticed Donald
 25449 | Orc:3    | Noticed Erolcha
 25862 | Orc:2    | Reached XP level 15. HP: 129/132 MP: 25/25
 25973 | Orc:3    | Killed Erolcha
 25987 | Orc:3    | Reached skill level 10 in Dodging
 26662 | Orc:3    | Killed Donald
 26878 | Orc:4    | Entered Level 4 of the Orcish Mines
 27079 | Orc:4    | Found a staircase to the Elven Halls.
 27317 | Orc:4    | Found Mohoduah's Food Boutique.
 27766 | Orc:4    | Found Feicoxzo's General Store.
 28073 | Orc:4    | Gained mutation: You are occasionally teleported to nearby monsters. [a neqoxec]
 28303 | Orc:4    | Paralysed by an orc sorcerer for 7 turns
 29155 | Orc:4    | Found Cicug's Antique Weapon Shoppe.
 29155 | Orc:4    | Found a one-way gate leading to the halls of Pandemonium.
 29155 | Orc:4    | Found Diguxtyu's Gadget Emporium.
 31466 | D:13     | Found a gate to the Vaults.
 32344 | D:15     | Entered Level 15 of the Dungeon
 32593 | D:15     | Reached XP level 16. HP: 112/139 MP: 26/26
 32600 | D:15     | Reached skill level 17 in Long Blades
 32884 | D:15     | Found a staircase to the Depths.
 32984 | D:15     | Got a shimmering ivory ring
 33654 | Lair:1   | Identified the ring "Aqain" {rF- EV+2 Dex+5} (You found it on level 15 of the Dungeon)
 33760 | Spider:1 | Entered Level 1 of the Spider Nest
 34394 | Spider:1 | Reached skill level 18 in Long Blades
 34420 | Spider:1 | HP: 3/139 [disintegration (48)]
 34817 | Spider:1 | Noticed Roxanne
 34857 | Spider:1 | Killed Roxanne
 34859 | Spider:1 | Identified Roxanne's Disquisition on Stones and Transformation (You took it off Roxanne on level 1 of the Spider Nest)
 35171 | Spider:2 | Noticed Arachne
 35171 | Spider:2 | Noticed Asterion
 35189 | Spider:1 | Killed Asterion
 35189 | Spider:1 | Reached skill level 19 in Long Blades
 35576 | Spider:2 | Killed Arachne
 36614 | Spider:2 | HP: 4/139 [emperor scorpion (5)]
 37069 | Spider:2 | Reached skill level 20 in Long Blades
 39145 | Spider:3 | Reached XP level 17. HP: 133/146 MP: 27/27
 39304 | Spider:4 | Entered Level 4 of the Spider Nest
 39348 | Spider:3 | Reached skill level 21 in Long Blades
 40186 | Spider:4 | Noticed Louise
 40698 | Spider:3 | Killed Louise
 41126 | Spider:4 | Reached skill level 22 in Long Blades
 42790 | Spider:4 | Got a gossamer rune of Zot
 43146 | Shoals:1 | Entered Level 1 of the Shoals
 43469 | Shoals:1 | HP: 6/154 [poisoned by a sea snake]
 43470 | Shoals:1 | Slain by a sea snake

Vault maps used:
D:1:      dpeg_arrival_water_temple_mockup, serial_park_tiny_pond,
          minmay_fountain_box, serial_bayou_pond_a
D:2:      uniq_iyjb
D:3:      amethyst_overflow_temple_binary, tso_altar, first_bread
D:4:      lemuel_doored_altar, lemuel_crystal_altar, nicolae_ossuary_entry_plus
D:5:      kennysheep_mini, kennysheep_mini_moat
D:6:      hangedman_abyss_or_decor_slice, minmay_misc_feat_doors,
          uniq_crazy_yiuf_cottage, uniq_edmund
D:7:      minmay_temple_entry_statues_fountains, uniq_pikel, uniq_duvessa
D:8:      serial_glass, glass_columns_a, glass_columns_a, feat_on_display,
          item_on_display_a, serial_shops, shop, uniq_joseph
D:9:      david_orc_5, david_nohive_1
D:10:     serial_shops, shop, minivault_13, uniq_erica, uniq_maud, uniq_grum
D:11:     lair_0_dummy
D:13:     david_vaults_2
D:14:     grunt_decor_clamped, kennysheep_cross_bottleneck
D:15:     grunt_enter_depths_giant_problem, minmay_strange_pillars
Temple:   circular_temple_pool_12
Lair:1:   special_room, lemuel_fruit_fields
Lair:2:   forest_entry_grove
Lair:3:   elwin_shoals_entry_stream, spider_nest_entry_webs, uniq_urug
Lair:4:   gammafunk_lair_enchanted_lake, hibernation_bobbens,
          serial_bayou_shore_a, grunt_megastairs_4
Lair:6:   lab_entry_generic
Lair:7:   dpeg_slime_entry_corner, uniq_kirke
Lair:8:   grunt_lair_end_beastmaster, serial_bayou_pond_b
Shoals:1: hangedman_shoals_cup_caves
Spider:1: uniq_roxanne
Spider:2: uniq_arachne, uniq_asterion
Spider:3: hive_lemuel
Spider:4: grunt_spider_rune_parallel, uniq_louise
Orc:1:    basic_altar, portal_ice_cave_entry_ice_beasts, mines1_david
Orc:2:    roderic_batcave
Orc:3:    minmay_goldmine, nicolae_orc_pool_cavern, uniq_erolcha, uniq_donald
Orc:4:    pf_orc_diabolical
Lab:      lab_fountain, labyrinth_skeletal_remains, nicolae_lab_very_dead_end,
          nicolae_lab_starburst, nicolae_lab_plus, nicolae_lab_checkerboard,
          labyrinth_glass_2, nicolae_lab_grate_2
Ossuary:  ossuary_minmay_scorpions
IceCv:    ice_cave_tombish

Action                   |  1- 3 |  4- 6 |  7- 9 | 10-12 | 13-15 | 16-18 || total
-------------------------+-------+-------+-------+-------+-------+-------++-------
Melee: Long sword        |    66 |   103 |   471 |   314 |       |       ||   954
       Double sword      |       |       |       |    84 |       |       ||    84
       Great sword       |       |       |       |   353 |  1501 |   994 ||  2848
Invok: Upheaval          |       |       |       |     1 |    12 |    13 ||    26
       Disaster Area     |       |       |       |       |       |     2 ||     2
Evoke: Wand              |       |       |       |       |       |     8 ||     8
  Use: Potion            |       |     1 |     5 |     4 |     3 |    10 ||    23
       Scroll            |       |       |    20 |     5 |    14 |     7 ||    46
 Stab: Invisible         |       |       |     2 |       |       |       ||     2
       Held in net/web   |       |       |       |       |       |     2 ||     2
  Eat: Chunk             |       |     3 |    14 |    25 |    50 |    26 ||   118
       Beef jerky        |       |     1 |       |       |     1 |       ||     2
       Meat ration       |       |       |     1 |       |       |     1 ||     2
       Bread ration      |       |       |     1 |       |     1 |     1 ||     3
       Fruit             |       |       |       |     2 |     2 |     2 ||     6
       Pizza             |       |       |       |       |     2 |     1 ||     3
       Royal jelly       |       |       |       |       |       |     1 ||     1
